 Dungeon Crawl Stone Soup version 0.23.1 (webtiles) character file.

Game seed: 4315821899135609600

2850 Chiseanne the Quickloader (level 9, -1/74 HPs)
             Began as a Gnoll Wanderer on Mar 13, 2019.
             Was an Initiate of Gozag.
             Slain by Grum
             ... wielding a -2 halberd
              (16 damage)
             ... on level 8 of the Dungeon.
             The game lasted 00:16:59 (6460 turns).

Chiseanne the Quickloader (Gnoll Wanderer)          Turns: 6460, Time: 00:17:00

Health: -1/74      AC: 16    Str: 16    XL:     9   Next: 74%
Magic:  15/15      EV:  7    Int: 15    God:    Gozag
Gold:   810        SH: 10    Dex: 16    Spells: 16/16 levels left

rFire    + + .     SeeInvis .   a - +6 rapier (venom)
rCold    . . .     Gourm    .   b - +0 shield
rNeg     . . .     Faith    .   q - +1 chain mail {rF+}
rPois    .         Spirit   .   u - +2 helmet
rElec    .         Reflect  .   r - +1 cloak
rCorr    .         Harm     +   (no gloves)
MR       +....                  (no boots)
Stlth    ..........             e - amulet of harm
HPRegen  0.22/turn              v - ring of protection from fire
MPRegen  0.14/turn              y - ring of protection from magic

@: gold aura
A: distributed training, fangs 1, strong nose
a: Potion Petition, Call Merchant, Bribe Branch, Renounce Religion


You were on level 8 of the Dungeon.
You worshipped Gozag.
Gozag was pleased with you.
You were not hungry.

You visited 2 branches of the dungeon, and saw 9 of its levels.

You collected 875 gold pieces.
You paid 65 gold pieces to Gozag.

Inventory:

Hand Weapons
 a - a +6 rapier of venom (weapon)
 d - a +3 trident of protection
 s - a +4 hand axe of electrocution
 w - a +0 hand crossbow
Missiles
 i - 144 arrows
 l - 57 bolts
 n - 89 sling bullets
 o - 111 stones (quivered)
 p - 4 poisoned needles
 C - 5 needles of sleeping
Armour
 b - a +0 shield (worn)
 q - a +1 chain mail of fire resistance (worn)
 r - a +1 cloak (worn)
 u - a +2 helmet (worn)
Magical Staves
 m - an uncursed staff of wizardry
Jewellery
 e - an amulet of harm (around neck)
 v - a ring of protection from fire (left hand)
 y - a ring of protection from magic (right hand)
 H - a +2 ring of strength {unknown}
Wands
 t - a wand of acid (8)
 A - a wand of enslavement (7)
 F - a wand of polymorph (8)
Scrolls
 j - 3 scrolls of teleportation
 k - a scroll of enchant armour
 x - 3 scrolls of remove curse
 E - a scroll of fear
 G - a scroll of magic mapping
 I - a scroll of amnesia
Potions
 c - 2 potions of magic
 g - 4 potions of curing
 h - 2 potions of might
 z - a potion of mutation {unknown}
 B - a potion of ambrosia
 D - 2 potions of berserk rage
 K - a potion of agility
Comestibles
 f - 12 rations


   Skills:
 + Level 8.0 Fighting
 + Level 4.4 Short Blades
 + Level 4.4 Long Blades
 + Level 5.2 Axes
 + Level 4.4 Maces & Flails
 + Level 4.4 Polearms
 + Level 4.4 Staves
 + Level 4.4 Slings
 + Level 4.4 Bows
 + Level 8.0 Crossbows
 + Level 4.4 Throwing
 + Level 5.2 Armour
 + Level 4.4 Dodging
 + Level 4.4 Stealth
 + Level 6.4 Shields
 + Level 4.4 Unarmed Combat
 + Level 4.4 Spellcasting
 + Level 3.6 Conjurations
 + Level 3.6 Hexes
 + Level 3.6 Charms
 + Level 3.6 Summonings
 + Level 3.6 Necromancy
 + Level 3.6 Translocations
 + Level 3.6 Transmutations
 + Level 3.6 Fire Magic
 + Level 3.6 Ice Magic
 + Level 3.6 Air Magic
 + Level 3.6 Earth Magic
 + Level 3.6 Poison Magic
 + Level 4.9 Invocations
 + Level 4.4 Evocations


You had 16 spell levels left.
You didn't know any spells.
Your spell library contained the following spells:

 Spells                   Type           Power        Failure   Level  Hunger
 Infusion                 Chrm           ##..         86%         1    None
 Magic Dart               Conj           ##..         86%         1    None
 Corpse Rot               Necr           N/A          95%         2    ##.....
 Searing Ray              Conj           ##....       95%         2    ##.....
 Shroud of Golubria       Chrm/Tloc      ##........   95%         2    ##.....
 Song of Slaying          Chrm           ##......     95%         2    ##.....
 Sublimation of Blood     Necr           ##........   95%         2    ##.....
 Dazzling Spray           Conj/Hex       ##....       99%         3    ###....
 Regeneration             Chrm/Necr      ##........   99%         3    ###....
 Spectral Weapon          Hex/Chrm       ##......     99%         3    ###....
 Force Lance              Conj/Tloc      ##......     100%        4    ####...
 Fulminant Prism          Conj/Hex       ##........   100%        4    ####...
 Iskenderun's Mystic Bla  Conj           ##......     100%        4    ####...
 Agony                    Necr           ##......     100%        5    ######.
 Bolt of Draining         Conj/Necr      ##........   100%        5    ######.
 Dispel Undead            Necr           ##......     100%        5    ######.
 Excruciating Wounds      Chrm/Necr      ##........   100%        5    ######.


Dungeon Overview and Level Annotations

Branches:
Dungeon (8/15)             Temple (1/1) D:4
   Lair: D:8-11

Altars:
Fedhas
Gozag
Kikubaaqudgha
Okawaru
Ru
Vehumet
Wu Jian
Xom
Zin

Annotations:
D:8 Grum


Innate Abilities, Weirdness & Mutations

Your experience applies equally to all skills.
You have very sharp teeth.
Your uncanny sense of smell can sniff out nearby items.


Message History

The orc barely misses you.
The orc moves out of view.
Your shield and chain mail prevent you from hitting the wolf.
The wolf is no longer distracted by gold.
The wolf howls!
The wolf is almost dead.
The wolf bites you but does no damage.
Grum hits you from afar with a -2 halberd!
The orc hits you but does no damage. The wolf barely misses you.
Your shield and chain mail prevent you from hitting the wolf.
Your bite misses the wolf.
The wolf is almost dead.
You block the wolf's attack.
Grum hits you from afar with a -2 halberd!
* * * LOW HITPOINT WARNING * * *
You block the orc's attack.
You hit the wolf.
You kill the wolf!
Grum hits you from afar with a -2 halberd!
You die...
Your body crumbles into a pile of gold.

#..≈... ...≈..### ..≈§≈.§
≈.§.≈..## .## .≈§§§§.
.≈...≈..## .....
≈.≈.≈.≈.§.§.≈.≈..# #.....
...≈.§.≈...≈.§§≈.### #......
≈§≈.≈.≈.≈.≈.≈§≈..'.##.......
.≈.8.≈.8.≈.8.§...'oo........
≈.≈.≈.≈.≈.§.§.≈o$hg#........
.§.§...§...≈§..≈@#$.h..>(...
≈.§§≈.≈.≈§§§§.≈.$###g.......
.§§..§.8.≈..)§..## #ooh.....
§.§§≈.§.≈.§.≈..## #........
#..§.§§§...§..## ##.......
##..≈.≈.≈.§..## .......
##..≈...≈..## .......
##.......## ..)....
######### .......


You could see Grum, a howler monkey and 3 orcs.

Vanquished Creatures
  A steam dragon (D:8)
  Duvessa (D:6)
  A water moccasin (D:6)
  An orc warrior (D:8)
  A black bear (D:7)
  2 ogres (D:4)
  2 centaurs (D:7)
  3 wolves (D:8)
  4 bullfrogs
  A wyvern zombie (D:8)
  Dowan (D:6)
  A scorpion (D:7)
  A lava snake (D:8)
  5 crimson imps
  3 bullfrog zombies
  A quasit (D:5)
  4 hounds
  Crazy Yiuf (D:4)
  A jelly (D:7)
  4 orc priests
  A centaur skeleton (D:2)
  Terence (D:2)
  7 orc wizards
  5 worker ants
  A hound zombie (D:8)
  A worker ant zombie (D:7)
  A howler monkey zombie (D:7)
  6 gnolls
  A howler monkey skeleton (D:7)
  8 adders
  3 shadow imps
  2 adder skeletons
  4 worms
  4 dart slugs
  3 leopard geckos
  27 orcs
  2 giant cockroaches
  7 goblins
  6 hobgoblins
  5 jackals
  7 kobolds
  7 quokkas
  3 ball pythons
  8 bats
  4 frilled lizards
  7 rats
170 creatures vanquished.

Notes
Turn   | Place    | Note
-------+----------+-------------------------------------------
     0 | D:1      | Chiseanne the Gnoll Wanderer began the quest for the Orb.
     0 | D:1      | Chiseanne set off with the following items: a +0 shield, a
                  | +0 hand axe, a +0 hand crossbow, 28 bolts, a +0 robe, a
                  | ration
     0 | D:1      | Reached XP level 1. HP: 23/23 MP: 1/1
     6 | D:1      | Noticed a four-headed hydra
     6 | D:1      | Noticed a salamander
     6 | D:1      | Noticed a polar bear
    99 | D:1      | Reached XP level 2. HP: 24/29 MP: 2/2
   503 | D:1      | Reached XP level 3. HP: 30/35 MP: 3/3
   722 | D:2      | Noticed Terence
   754 | D:2      | Killed Terence
   754 | D:2      | Reached skill level 1 in Short Blades
   754 | D:2      | Reached skill level 1 in Long Blades
   754 | D:2      | Reached skill level 1 in Maces & Flails
   754 | D:2      | Reached skill level 1 in Polearms
   754 | D:2      | Reached skill level 1 in Staves
   754 | D:2      | Reached skill level 1 in Slings
   754 | D:2      | Reached skill level 1 in Bows
   754 | D:2      | Reached skill level 1 in Throwing
   754 | D:2      | Reached skill level 1 in Dodging
   754 | D:2      | Reached skill level 1 in Stealth
   754 | D:2      | Reached skill level 1 in Unarmed Combat
   754 | D:2      | Reached skill level 1 in Spellcasting
   754 | D:2      | Reached skill level 1 in Invocations
   754 | D:2      | Reached skill level 1 in Evocations
   818 | D:2      | Reached XP level 4. HP: 20/41 MP: 5/5
  1128 | D:2      | Reached skill level 1 in Conjurations
  1128 | D:2      | Reached skill level 1 in Hexes
  1128 | D:2      | Reached skill level 1 in Charms
  1128 | D:2      | Reached skill level 1 in Summonings
  1128 | D:2      | Reached skill level 1 in Necromancy
  1128 | D:2      | Reached skill level 1 in Translocations
  1128 | D:2      | Reached skill level 1 in Transmutations
  1128 | D:2      | Reached skill level 1 in Fire Magic
  1128 | D:2      | Reached skill level 1 in Ice Magic
  1128 | D:2      | Reached skill level 1 in Air Magic
  1128 | D:2      | Reached skill level 1 in Earth Magic
  1128 | D:2      | Reached skill level 1 in Poison Magic
  1285 | D:2      | Reached XP level 5. HP: 13/47 MP: 6/6
  2199 | D:2      | Reached XP level 6. HP: 51/53 MP: 8/8
  2435 | D:3      | Reached skill level 5 in Shields
  2534 | D:3      | Noticed Grinder
  2534 | D:3      | Paralysed by Grinder for 6 turns
  2548 | D:3      | Noticed Grinder
  2548 | D:3      | Grinder changed into Grinder the crimson imp
  2553 | D:3      | Killed Grinder the crimson imp
  3195 | D:3      | Reached XP level 7. HP: 48/59 MP: 10/10
  3946 | D:4      | Found a runed translucent door.
  3947 | D:4      | Noticed Crazy Yiuf
  3960 | D:4      | Killed Crazy Yiuf
  3960 | D:4      | Reached XP level 8. HP: 14/67 MP: 12/12
  4230 | D:4      | Found a staircase to the Ecumenical Temple.
  4255 | Temple   | Entered the Ecumenical Temple
  4286 | Temple   | Became a worshipper of Gozag Ym Sagoz the Greedy
  4391 | D:5      | Entered Level 5 of the Dungeon
  5076 | D:6      | Noticed Duvessa
  5077 | D:6      | Noticed Dowan
  5090 | D:6      | Killed Duvessa
  5103 | D:6      | Killed Dowan
  5429 | D:7      | Reached XP level 9. HP: 67/72 MP: 14/14
  5705 | D:7      | Found a glowing silver altar of Zin.
  6053 | D:8      | Reached skill level 5 in Axes
  6053 | D:8      | Reached skill level 5 in Armour
  6436 | D:8      | Noticed Grum
  6460 | D:8      | Slain by Grum

Skill      XL: |  1  2  3  4  5  6  7  8  9 |
---------------+----------------------------+-----
Short Blades   | 1 2 3 4 |  4.4
Long Blades    | 1 2 3 4 |  4.4
Maces & Flails | 1 2 3 4 |  4.4
Polearms       | 1 2 3 4 |  4.4
Staves         | 1 2 3 4 |  4.4
Slings         | 1 2 3 4 |  4.4
Bows           | 1 2 3 4 |  4.4
Throwing       | 1 2 3 4 |  4.4
Dodging        | 1 2 3 4 |  4.4
Stealth        | 1 2 3 4 |  4.4
Unarmed Combat | 1 2 3 4 |  4.4
Spellcasting   | 1 2 3 4 |  4.4
Invocations    | 1 2 3 4 |  4.9
Evocations     | 1 2 3 4 |  4.4
Conjurations   | 1 2 3 |  3.6
Hexes          | 1 2 3 |  3.6
Charms         | 1 2 3 |  3.6
Summonings     | 1 2 3 |  3.6
Necromancy     | 1 2 3 |  3.6
Translocations | 1 2 3 |  3.6
Transmutations | 1 2 3 |  3.6
Fire Magic     | 1 2 3 |  3.6
Ice Magic      | 1 2 3 |  3.6
Air Magic      | 1 2 3 |  3.6
Earth Magic    | 1 2 3 |  3.6
Poison Magic   | 1 2 3 |  3.6
Axes           | 3 4 5 |  5.2
Armour         | 3 4 5 |  5.2
Shields        | 5 6 |  6.4
Fighting       | 7 8 |  8.0
Crossbows      | 7 8 |  8.0

Action                   |  1- 3 |  4- 6 |  7- 9 || total
-------------------------+-------+-------+-------++-------
Melee: Hand axe          |    93 |       |    64 ||   157
       Bite              |    11 |    28 |    28 ||    67
       Short sword       |     1 |   209 |    17 ||   227
       Trident           |       |       |   136 ||   136
       Rapier            |       |       |   125 ||   125
Evoke: Wand              |       |     1 |     2 ||     3
  Use: Potion            |     2 |       |     2 ||     4
       Scroll            |     1 |       |    16 ||    17
 Stab: Sleeping          |     1 |     1 |       ||     2
       Distracted        |       |       |     2 ||     2
  Eat: Chunk             |       |     8 |     4 ||    12
       Ration            |       |       |     2 ||     2
Armor: Robe              |     3 |       |       ||     3
       Ring mail         |    20 |     5 |       ||    25
       Chain mail        |       |   113 |   240 ||   353
Dodge: Dodged            |    35 |    38 |    89 ||   162
Block: Shield            |    52 |   107 |   206 ||   365
